 Dungeon Crawl Stone Soup version 0.22.1-1-ga44c0e5 (webtiles) character file.

709819 tifemel the Conqueror (level 27, -12/273 HPs)
             Began as a Minotaur Fighter on Sept 30, 2018.
             Was the Champion of the Shining One.
             Killed by divine providence
             ... invoked by a smoke demon
             ... summoned by a mummy priest
              (17 damage)
             ... on level 9 of a ziggurat on Oct 2, 2018.
             The game lasted 08:56:40 (111165 turns).

tifemel the Conqueror (Minotaur Fighter)          Turns: 111165, Time: 08:56:40

Health: -12/273    AC: 38    Str: 25 (28) XL:     27
Magic:  35/35      EV: 18    Int: 11      God:    the Shining One [******]
Gold:   8049       SH:  0    Dex: 12      Spells: 42/45 levels left

rFire    + + .     SeeInvis .   R - +6 executioner's axe of Vigisuov {chop, +Inv}
rCold    + + +     Gourm    .   (shield currently unavailable)
rNeg     + + +     Faith    .   k - +10 plate armour "Udec" {rF+}
rPois    +         Spirit   .   J - +2 hat {MR+}
rElec    .         Reflect  .   v - +1 cloak {rPois}
rCorr    .         Harm     .   V - +2 pair of gloves {Str+3}
MR       +++++                  U - +2 pair of boots {run}
Stlth    ..........             I - amulet of Equivalence {+Rage rF- rC++ rN+}
HPRegen  0.55/turn              S - ring of the Mage {Wiz MR++ Int+3}
MPRegen  0.24/turn              Y - ring of Lipraots {+Inv rF++ rC+++ AC+1 Dex-2}

@: silence, corroded, slowed, glowing, studying Stealth, very slow
A: retaliatory headbutt, horns 2, thin skeletal structure 1, clumsy 1, weak 1
}: 4/15 runes: barnacled, silver, abyssal, gossamer
a: Renounce Religion, Evoke Berserk Rage, Evoke Invisibility


You were on level 9 of a ziggurat.
You worshipped the Shining One.
The Shining One was exalted by your worship.
You were very hungry.

You visited 14 branches of the dungeon, and saw 54 of its levels.
You visited the Abyss 2 times.
You visited 1 ziggurat, and saw 9 of its levels.
You also visited: Labyrinth, Sewer, Ossuary, Ice Cave and Wizlab.

You collected 11539 gold pieces.
You spent 3490 gold pieces at shops.

Inventory:

Hand Weapons
 E - a +6 longbow of holy wrath
 R - the +6 executioner's axe of Vigisuov (weapon) {chop, +Inv}
   (Okawaru gifted it to you on level 2 of the Shoals)

   It inflicts extra damage upon your enemies.
   It lets you turn invisible.
Missiles
 j - 1843 arrows
Armour
 k - the +10 plate armour "Udec" (worn) {rF+}
   (Okawaru gifted it to you on level 15 of the Dungeon)

   It protects you from fire.
 v - a +1 cloak of poison resistance (worn)
 J - a +2 hat of magic resistance (worn)
 U - a +2 pair of boots of running (worn)
 V - a +2 pair of gloves of strength (worn)
Jewellery
 c - the ring "Yruasien" {Fire rN+ Str+2 Int+4}
   (You found it on level 5 of a ziggurat)

   [ring of fire]

   It enhances your fire magic.
   It affects your strength (+2).
   It affects your intelligence (+4).
   It protects you from fire.
   It makes you vulnerable to cold.
   It protects you from negative energy.
 u - the amulet "Ycwifi" {RegenMP Int+7 Stlth+}
   (You found it on level 1 of the Abyss)

   [amulet of magic regeneration]

   It increases your magic regeneration.
   It affects your intelligence (+7).
   It makes you more stealthy.
 y - the ring of Mekirch {*Contam rPois rC++ Int+6}
   (You found it on level 1 of the Crypt)

   [ring of poison resistance]

   It affects your intelligence (+6).
   It greatly protects you from cold.
   It protects you from poison.
   It causes magical contamination when unequipped.
 z - an uncursed ring of see invisible
 I - the amulet of Equivalence (around neck) {+Rage rF- rC++ rN+}
   (You found it on level 4 of the Shoals)

   [amulet of rage]

   It makes you vulnerable to fire.
   It greatly protects you from cold.
   It protects you from negative energy.
   It lets you go berserk.
 O - the amulet "Ziteelil" {Gourm rN+ Int+2}
   (You found it on level 3 of the Crypt)

   [amulet of the gourmand]

   It allows you to eat raw meat even when not hungry.
   It affects your intelligence (+2).
   It protects you from negative energy.
 S - the ring of the Mage (left hand) {Wiz MR++ Int+3}
   (You found it on level 4 of the Shoals)

   [ring of wizardry]

   It improves your spell success rate.
   It affects your intelligence (+3).
   It affects your resistance to hostile enchantments.
 Y - the ring of Lipraots (right hand) {+Inv rF++ rC+++ AC+1 Dex-2}
   (You took it off a frost giant on level 5 of the Vaults)

   [ring of protection]

   It affects your AC (+1).
   It affects your dexterity (-2).
   It greatly protects you from fire.
   It renders you almost immune to cold.
   It lets you turn invisible.
Wands
 q - a wand of digging (33)
 C - a wand of polymorph (37)
Scrolls
 e - 10 scrolls of fog
 l - 11 scrolls of amnesia
 m - 11 scrolls of enchant weapon
 n - 8 scrolls of magic mapping
 o - 26 scrolls of teleportation
 s - 3 scrolls of summoning
 A - 2 scrolls of holy word
 B - 9 scrolls of enchant armour
 D - 27 scrolls of remove curse
 K - 14 scrolls of immolation
 M - 5 scrolls of fear
 P - 7 scrolls of brand weapon
 T - 2 scrolls of silence
 Z - a scroll of blinking
Potions
 d - 4 potions of might
 g - 12 potions of flight
 h - 26 potions of curing
 i - 6 potions of berserk rage
 p - 2 potions of cancellation
 r - 2 potions of magic
 t - 9 potions of agility
 w - 16 potions of mutation
 F - 12 potions of lignification
 G - 8 potions of haste
 H - 4 potions of ambrosia
 N - a potion of resistance
 Q - 3 potions of invisibility
 W - 8 potions of brilliance
 X - 5 potions of heal wounds
Books
 a - a manual of Stealth
Comestibles
 f - 56 rations


   Skills:
 O Level 27 Fighting
 O Level 27 Axes
 - Level 20.3 Bows
 O Level 27 Armour
 + Level 20.4 Dodging
   Level 3.6 Shields
 + Level 9.6 Spellcasting
 + Level 13.7 Evocations


You had 42 spell levels left.
You knew the following spells:

 Your Spells              Type           Power        Failure   Level  Hunger
a - Portal Projectile     Hex/Tloc       #.....       45%         3    ##.....

Your spell library contained the following spells:

 Spells                   Type           Power        Failure   Level  Hunger
 Animate Skeleton         Necr           N/A          17%         1    None
 Apportation              Tloc           #.....       17%         1    None
 Confusing Touch          Hex            #.....       17%         1    None
 Corona                   Hex            #......      17%         1    None
 Flame Tongue             Conj/Fire      #....        17%         1    None
 Freeze                   Ice            #...         17%         1    None
 Infusion                 Chrm           #...         17%         1    None
 Magic Dart               Conj           #...         17%         1    None
 Pain                     Necr           #...         17%         1    None
 Sandblast                Erth           #.....       17%         1    None
 Shock                    Conj/Air       #...         17%         1    None
 Sting                    Conj/Pois      #...         17%         1    None
 Summon Butterflies       Summ           #.......     17%         1    None
 Summon Small Mammal      Summ           #...         17%         1    None
 Blink                    Tloc           N/A          26%         2    None
 Call Imp                 Summ           #.......     26%         2    None
 Corpse Rot               Necr           N/A          26%         2    None
 Ensorcelled Hibernation  Hex/Ice        #.....       26%         2    None
 Passwall                 Tmut/Erth      #.......     26%         2    None
 Poisonous Vapours        Pois/Air       #.....       26%         2    None
 Shroud of Golubria       Chrm/Tloc      #.........   26%         2    None
 Slow                     Hex            #.......     26%         2    None
 Song of Slaying          Chrm           #.......     26%         2    None
 Sublimation of Blood     Necr           #.........   26%         2    None
 Swiftness                Chrm/Air       #.......     26%         2    None
 Throw Frost              Conj/Ice       #.....       26%         2    None
 Call Canine Familiar     Summ           #.......     45%         3    ##.....
 Confuse                  Hex            #.......     45%         3    ##.....
 Conjure Flame            Conj/Fire      #.......     45%         3    ##.....
 Dazzling Spray           Conj/Hex       #.....       45%         3    ##.....
 Gell's Gravitas          Tloc           #.........   45%         3    ##.....
 Ignite Poison            Fire/Tmut/Pois #.......     45%         3    ##.....
 Inner Flame              Hex/Fire       #.......     45%         3    ##.....
 Lesser Beckoning         Tloc           #.........   45%         3    ##.....
 Mephitic Cloud           Conj/Pois/Air  #.......     45%         3    ##.....
 Ozocubu's Armour         Chrm/Ice       #.......     45%         3    ##.....
 Recall                   Summ/Tloc      N/A          45%         3    ##.....
 Regeneration             Chrm/Necr      #.........   45%         3    ##.....
 Spectral Weapon          Hex/Chrm       #.......     45%         3    ##.....
 Static Discharge         Conj/Air       #.......     45%         3    ##.....
 Stone Arrow              Conj/Erth      #.....       45%         3    ##.....
 Summon Guardian Golem    Hex/Summ       #.......     45%         3    ##.....
 Teleport Other           Tloc           #.......     45%         3    ##.....
 Tukima's Dance           Hex            #.......     45%         3    ##.....
 Vampiric Draining        Necr           #.........   45%         3    ##.....
 Airstrike                Air            #.........   83%         4    ####...
 Animate Dead             Necr           N/A          83%         4    ####...
 Cause Fear               Hex            #.........   83%         4    ####...
 Force Lance              Conj/Tloc      #.......     83%         4    ####...
 Fulminant Prism          Conj/Hex       #.........   83%         4    ####...
 Ice Form                 Ice/Tmut       #.......     83%         4    ####...
 Leda's Liquefaction      Hex/Erth       #.........   83%         4    ####...
 Olgreb's Toxic Radiance  Pois           #.......     83%         4    ####...
 Passage of Golubria      Tloc           N/A          83%         4    ####...
 Petrify                  Tmut/Erth      #.......     83%         4    ####...
 Summon Ice Beast         Ice/Summ       #.......     83%         4    ####...
 Summon Lightning Spire   Summ/Air       #.......     83%         4    ####...
 Throw Icicle             Conj/Ice       #.......     83%         4    ####...
 Agony                    Necr           #.......     99%         5    #####..
 Alistair's Intoxication  Tmut/Pois      #.......     99%         5    #####..
 Aura of Abjuration       Summ           #.........   99%         5    #####..
 Bolt of Draining         Conj/Necr      #.........   99%         5    #####..
 Bolt of Magma            Conj/Fire/Erth #.........   99%         5    #####..
 Borgnjor's Vile Clutch   Necr/Erth      #.........   99%         5    #####..
 Dispel Undead            Necr           #.......     99%         5    #####..
 Excruciating Wounds      Chrm/Necr      #.........   99%         5    #####..
 Fireball                 Conj/Fire      #.........   99%         5    #####..
 Irradiate                Conj/Tmut      #.........   99%         5    #####..
 Iskenderun's Battlesphe  Conj/Chrm      #.......     99%         5    #####..
 Lee's Rapid Deconstruct  Erth           #.........   99%         5    #####..
 Lightning Bolt           Conj/Air       #.........   99%         5    #####..
 Metabolic Englaciation   Hex/Ice        #.........   99%         5    #####..
 Silence                  Hex/Air        #.........   99%         5    #####..
 Summon Forest            Summ/Tloc      #.........   99%         5    #####..
 Summon Mana Viper        Hex/Summ       #.......     99%         5    #####..
 Venom Bolt               Conj/Pois      #.........   99%         5    #####..
 Bolt of Cold             Conj/Ice       #.........   100%        6    #######
 Bolt of Fire             Conj/Fire      #.........   100%        6    #######
 Conjure Ball Lightning   Conj/Air       #.........   100%        6    #######
 Darkness                 Hex            #.........   100%        6    #######
 Death Channel            Necr           #.........   100%        6    #######
 Deflect Missiles         Chrm/Air       #.........   100%        6    #######
 Dispersal                Tloc           #.........   100%        6    #######
 Freezing Cloud           Conj/Ice/Air   #.........   100%        6    #######
 Hydra Form               Tmut           #.........   100%        6    #######
 Invisibility             Hex            #.......     100%        6    #######
 Iron Shot                Conj/Erth      #.........   100%        6    #######
 Ozocubu's Refrigeration  Ice            #.........   100%        6    #######
 Shadow Creatures         Summ           N/A          100%        6    #######
 Simulacrum               Ice/Necr       #.........   100%        6    #######
 Statue Form              Tmut/Erth      #........    100%        6    #######
 Dragon Form              Tmut           #.........   100%        7    #######
 Haunt                    Necr/Summ      #.........   100%        7    #######
 Malign Gateway           Summ/Tloc      #.........   100%        7    #######
 Monstrous Menagerie      Summ           #.........   100%        7    #######
 Orb of Destruction       Conj           #.........   100%        7    #######
 Ring of Flames           Chrm/Fire      #.........   100%        7    #######
 Spellforged Servitor     Conj/Summ      #.........   100%        7    #######
 Summon Greater Demon     Summ           #.........   100%        7    #######
 Summon Hydra             Summ           #.........   100%        7    #######
 Borgnjor's Revivificati  Necr           #.........   100%        8    #######
 Controlled Blink         Tloc           N/A          100%        8    #######
 Death's Door             Chrm/Necr      #.........   100%        8    #######
 Discord                  Hex            #.........   100%        8    #######
 Disjunction              Tloc           #.........   100%        8    #######
 Ignition                 Fire           #.........   100%        8    #######
 Infestation              Necr           #.........   100%        8    #######
 Necromutation            Tmut/Necr      #.........   100%        8    #######
 Summon Horrible Things   Summ           #.........   100%        8    #######
 Shatter                  Erth           #.........   100%        9    #######
 Tornado                  Air            #.........   100%        9    #######


Dungeon Overview and Level Annotations

Branches:
Dungeon (15/15)            Temple (1/1) D:4            Lair (6/6) D:9
 Shoals (4/4) Lair:4       Spider (4/4) Lair:4        Slime (0/5) Lair:5
    Orc (2/2) D:10            Elf (3/3) Orc:2        Vaults (5/5) D:14
  Crypt (3/3) Vaults:2       Tomb (1/3) Crypt:3      Depths (5/5) D:15
   Hell (1/1)                 Dis (0/7) Hell            Geh (0/7) Hell
    Coc (1/7) Hell            Tar (0/7) Hell            Zot (3/5) Depths:5

Altars:
Ashenzari
Cheibriados
Dithmenos
Elyvilon
Fedhas
Gozag
Hepliaklqana
Kikubaaqudgha
Makhleb
Nemelex Xobeh
Okawaru
Qazlal
Ru
Sif Muna
Trog
Uskayaw
Vehumet
Wu Jian
Xom
Yredelemnul
Zin
The Shining One
Beogh

Shops:
D:7 [   D:8 !   D:9 (   D:14 :   D:15 %   Orc:1 (   Orc:2 [(}[   Elf:1 *
Shoals:3 (   Shoals:4 *   Depths:1 %   Depths:3 *   Depths:4 :

Portals:
Hell: Depths:1 Depths:2 Depths:3 Depths:4 Depths:5
Abyss: Depths:1 Depths:4
Pandemonium: Depths:1 Depths:2 Depths:3 Depths:5

Annotations:
Spider:1 Kirke
Zot:2 2 transporters, Bodigarde's ghost, master DrBe


Innate Abilities, Weirdness & Mutations

You reflexively headbutt those who attack you in melee.
You have a pair of horns on your head.
You have a somewhat thin skeletal structure. (Dex +2, Stealth)
You are clumsy. (Dex -2)
You are weak. (Str -2)


Message History

The mummy priest is lost in a daze.
The wight hits you but does no damage. The ushabti closely misses you.
The soul eater misses you. You furiously retaliate!
You headbutt the soul eater, but do no damage.
The greater mummy completely misses you.
You furiously retaliate!
You headbutt the greater mummy, but do no damage.
You feel much better.
You are engulfed in dark miasma.
* * * LOW HITPOINT WARNING * * *
The greater mummy is no longer dazed.
The freezing wraith barely misses you. You furiously retaliate!
You headbutt the freezing wraith, but do no damage.
The freezing wraith misses you. The hungry ghost completely misses you.
You furiously retaliate!
You headbutt the hungry ghost, but do no damage.
The hungry ghost barely misses you.
The flayed ghost cries, "Suffer as I suffered!"
The smoke demon gestures at you. Something smites you!
You die...

▓▓▓ ▓▓▓▓▓▓.▓▓▓▓▓▓
▓▓(......3.W4▓▓
▓▓▓....(..W8@ZV.▓
▓▓..........WWMW8..▓
▓............VzzZ...▓
▓........♣♣♣.MMZ.??(▓
▓▓........♣
♣.nZ3.(∩:▓
▓..∩......♣
♣....M=>|.
▓▓.......♣♣
♣.....$∩=▓
▓.........♣.........▓
▓..........


You could see a greater mummy, 2 mummy priests, a jiangshi, a soul eater, a
flayed ghost, 2 ushabtiu, a freezing wraith, a smoke demon, 3 hungry ghosts, a
vampire, a red devil, a necrophage, a flying skull, a mummy, a wight, a spriggan
berserker simulacrum, a stone giant simulacrum, a fire giant simulacrum and a
juggernaut simulacrum.

Vanquished Creatures
  The ghost of Zudag the Hoplite, a legendary DsAK of Lugonu (Zot:1)
  The ghost of Uvueruz the Hoplite, a legendary DsAK of Lugonu (Zot:1)
  3 ancient liches
  A juggernaut (Depths:4)
  Boris (Vaults:3)
  3 greater mummies
  A shard shrike (Coc:1)
  Frederick (Depths:5)
  A pandemonium lord (Zig:4)
  Xtahua (Vaults:2)
  A curse toe (Zot:2)
  A caustic shrike (shapeshifter) (Vaults:5)
  A caustic shrike (Depths:3)
  Geryon (Hell)
  5 golden dragons
  A profane servitor (Abyss:1)
  5 bone dragons
  6 deep elf blademasters
  6 deep elf master archers
  4 quicksilver dragons
  15 tentacled monstrosities
  12 titans
  8 liches
  7 ancient champions
  6 death cobs
  16 sphinxes
  An Executioner (Abyss:1)
  A kraken (Abyss:3)
  8 shadow dragons
  5 tentacled starspawn
  Ilsuiw (Shoals:2)
  6 tengu reavers
  A draconian monk (Zot:3)
  A daeva (Abyss:1)
  Roxanne (Spider:1)
  15 storm dragons
  2 revenants
  19 fire giants
  A draconian knight (Zot:3)
  5 iron dragons
  Louise (Depths:1)
  22 frost giants
  10 ghost moths
  2 curse skulls
  5 deep elf sorcerers
  7 emperor scorpions
  A balrug (Hell)
  15 vault wardens
  3 draconian scorchers
  2 ghouls (Crypt:2)
  A caustic shrike zombie (Crypt:1)
  4 draconian shifters
  2 draconian stormcallers
  7 deep elf elementalists
  3 draconian annihilators (Zot:1)
  20 very ugly things
  3 spriggan defenders
  35 stone giants
  3 reapers
  9 war gargoyles
  6 entropy weavers
  14 ironheart preservers
  8 vampire knights
  8 green draconians
  A lorocyproca (Hell)
  2 bennus (Tomb:1)
  6 purple draconians
  A black sun (Zig:4)
  A minotaur (Lab)
  16 spark wasps
  9 yellow draconians
  5 deep elf demonologists
  11 deep elf annihilators
  3 black draconians
  7 white draconians
  2 ettins (shapeshifter)
  The ghost of Asgaroth the Severer, a journeyman HOFi of Okawaru (Lair:5)
  6 red draconians
  11 merfolk javelineers
  Snorg (Orc:1)
  4 green deaths
  10 merfolk impalers
  5 blizzard demons
  4 eidola
  6 deep elf death magi
  17 ettins
  10 mummy priests
  10 great orbs of eyes
  4 jiangshi
  6 deep elf high priests
  17 yaktaur captains
  15 ice dragons
  Harold (D:7)
  41 vault guards
  16 fire dragons
  16 centaur warriors
  8 spriggan air magi
  5 hydras
  4 rakshasas
  A monstrous demonspawn (Depths:5)
  A catoblepas (Lair:2)
  6 merfolk avatars
  25 two-headed ogres
  A ghost crab (Abyss:3)
  A death knight (Vaults:5)
  35 dancing weapons
  3 merfolk aquamancers (Shoals:4)
  12 deep troll earth magi
  An alligator snapping turtle (Shoals:4)
  16 deep troll shamans
  3 hell hogs
  7 tengu warriors
  6 satyrs
  8 ogre magi
  17 death scarabs
  6 thrashing horrors
  6 orc high priests
  6 vampire magi
  8 spriggan berserkers
  16 deep elf knights
  3 iron golems (Hell)
  2 hell knights
  10 soul eaters
  4 sun demons (Hell)
  16 small abominations
  2 iron trolls
  Sonja (Lair:3)
  5 spriggans
  2 titan skeletons
  3 wretched stars
  2 sixfirhies
  A spectral emperor scorpion (Spider:4)
  2 storm dragon skeletons
  A fire crab (Abyss:3)
  34 skeletal warriors
  2 anaconda zombies (Hell)
  2 spark wasp zombies
  A fire crab (shapeshifter) (Depths:3)
  2 infernal demonspawn
  4 unseen horrors
  2 shadow demons (Abyss:1)
  40 deep trolls
  A spatial maelstrom (Abyss:3)
  A tengu zombie (Depths:3)
  22 deep elf archers
  2 glowing orange brains (shapeshifter)
  2 shadow wraiths
  3 glowing orange brains
  A sea snake (shapeshifter) (Zig:7)
  3 swamp dragons
  9 flayed ghosts
  3 wizards
  A torturous demonspawn (Zig:4)
  14 sea snakes
  A shadow dragon zombie (D:15)
  4 spectral wolf spiders (Spider:4)
  A harpy (shapeshifter) (Vaults:3)
  17 phantasmal warriors
  20 harpies
  8 necromancers
  An orange crystal statue (Vaults:2)
  10 large abominations
  25 ironbrand convokers
  A golden dragon skeleton (Crypt:3)
  10 orc knights
  46 ugly things
  2 stone giant zombies
  11 manticores
  A shadow dragon skeleton (Zig:9)
  A mana viper (shapeshifter) (Depths:4)
  72 deep elf magi
  An oklob plant (Lair:6)
  26 wolf spiders
  20 orb spiders
  2 frost giant zombies
  9 cyclopes
  2 iron dragon zombies
  2 salamanders (shapeshifter)
  10 fauns
  2 worldbinders
  3 orc sorcerers
  38 slime creatures
  A fire giant zombie (Zig:9)
  11 merfolk sirens
  20 moths of wrath
  An elephant (shapeshifter) (Depths:4)
  3 human skeletons
  23 elephants
  10 fire giant skeletons
  5 rust devils (Hell)
  Psyche (D:12)
  5 black mambas
  8 water nymphs
  Maurice (Orc:2)
  2 guardian serpents (shapeshifter)
  2 apocalypse crabs (Abyss:3)
  A stone giant skeleton (Crypt:2)
  A shock serpent skeleton (Crypt:3)
  A frost giant skeleton (Zig:1)
  14 vault sentinels
  13 spiny frogs
  7 gargoyles
  3 ice statues
  5 torpor snails
  An eye of devastation (shapeshifter) (Elf:2)
  7 orange demons
  8 spectral redbacks (Spider:4)
  4 kobold demonologists
  11 smoke demons
  A swamp worm zombie (Crypt:2)
  A torpor snail (shapeshifter) (Vaults:5)
  45 yaktaurs
  2 hellions
  A minotaur zombie (Lab)
  A catoblepas zombie (Crypt:3)
  12 demonic crawlers
  9 rime drakes
  A redback zombie (Crypt:1)
  An efreet (Abyss:3)
  A white draconian zombie (Crypt:2)
  15 freezing wraiths
  11 komodo dragons
  A spark wasp simulacrum (Depths:3)
  A yaktaur skeleton (Depths:1)
  6 hellwings
  A purple draconian skeleton (Crypt:1)
  A tormentor (Coc:1)
  The ghost of bmj180 the Shield-Bearer, a novice GrFi (D:5)
  2 anaconda simulacra (IceCv)
  A minotaur skeleton (Lab)
  2 golden dragon simulacra
  2 jumping spiders (shapeshifter)
  3 red devils
  3 ancient zymes
  A grey draconian skeleton (Crypt:1)
  5 polar bears
  A merfolk (shapeshifter) (Vaults:2)
  3 tengu conjurers
  14 ice devils
  2 hydra zombies
  33 merfolk
  36 jumping spiders
  A troll (shapeshifter) (Vaults:2)
  3 meliai (Lair:5)
  7 trolls
  20 guardian mummies
  A shadow dragon simulacrum (Depths:3)
  6 wind drakes
  2 hydra skeletons
  A queen bee (Lair:5)
  4 jumping spider zombies (Spider:4)
  2 spectral tarantellas (Spider:4)
  2 spriggan zombies (Zig:6)
  17 raiju
  2 spectral jumping spiders (Spider:4)
  2 wind drakes (shapeshifter)
  22 hornets
  14 blink frogs
  A bog body (Crypt:2)
  11 hippogriffs
  An ettin zombie (Vaults:5)
  A hippogriff (shapeshifter) (Depths:1)
  A slime creature (shapeshifter) (Depths:3)
  13 dream sheep
  2 raiju (shapeshifter)
  An alligator zombie (Hell)
  A frost giant simulacrum (Depths:3)
  2 stone giant simulacra
  A spriggan (shapeshifter) (Depths:3)
  7 snapping turtles
  2 fire giant simulacra
  21 water elementals
  6 ynoxinuls
  11 flying skulls
  11 vampires
  An ice dragon skeleton (Crypt:2)
  43 starcursed masses
  5 ettin skeletons
  14 wraiths
  4 shadows
  22 tarantellas
  A deep troll skeleton (Depths:1)
  68 redbacks
  An alligator skeleton (Hell)
  7 fire dragon skeletons (Crypt:3)
  11 fire elementals
  5 hogs
  An air elemental (Elf:2)
  5 wyverns
  A basilisk (shapeshifter) (Elf:1)
  4 basilisks
  A golden eye (shapeshifter) (Vaults:3)
  2 humans (D:8)
  6 neqoxecs
  A dire elephant simulacrum (IceCv)
  39 yaks
  5 fire bats (Abyss:1)
  6 hungry ghosts
  2 chaos spawn
  4 vampire mosquitoes
  A death yak simulacrum (Lair:5)
  An iron troll simulacrum (IceCv)
  3 harpy simulacra (IceCv)
  A spiny frog zombie (Hell)
  An insubstantial wisp (Abyss:3)
  A soldier ant (D:12)
  6 wargs
  A swamp worm (shapeshifter) (Vaults:3)
  An acid dragon (D:15)
  2 two-headed ogre zombies (WizLab)
  A hell hound (Hell)
  9 water moccasins
  5 hydra simulacra (IceCv)
  Duvessa (D:6)
  5 porcupines
  2 swamp drakes (Zig:2)
  26 orc warriors
  2 hornet zombies (Spider:4)
  A black bear (Lair:1)
  6 ice beasts
  A snapping turtle zombie (Crypt:2)
  A manticore zombie (Crypt:2)
  2 necrophages
  3 alligator simulacra
  2 ettin simulacra (IceCv)
  2 sky beasts
  2 eyes of draining (D:13)
  A phantom (D:9)
  4 wolves (Lair:5)
  9 boggarts
  A centaur (shapeshifter) (Vaults:2)
  2 elf skeletons
  27 centaurs
  24 ogres
  12 crocodiles
  14 big kobolds
  A crocodile (shapeshifter) (Depths:3)
  An elf zombie (Crypt:2)
  15 bullfrogs
  6 gnoll sergeants
  3 earth elementals
  2 spiny frog simulacra
  Dowan (D:6)
  A wyvern zombie (D:11)
  6 scorpions
  A scorpion (shapeshifter) (Depths:2)
  2 dream sheep simulacra (Lair:5)
  A human simulacrum (Vaults:4)
  32 killer bees
  10 troll zombies (WizLab)
  22 wights
  A troll skeleton (Crypt:1)
  4 electric eels
  17 crimson imps
  A bullfrog zombie (D:13)
  2 centaur zombies
  5 draconian simulacra (IceCv)
  7 quasits
  A human zombie (Ossuary)
  28 orc priests
  9 centaur skeletons
  6 jellies
  A jelly (shapeshifter) (Vaults:5)
  2 komodo dragon simulacra (Lair:5)
  4 bullfrog skeletons
  7 hounds
  5 iron imps
  2 iguanas
  Terence (D:2)
  32 orc wizards
  12 worker ants
  13 hell rats (Hell)
  5 troll simulacra (IceCv)
  A killer bee zombie (D:8)
  2 polar bear simulacra (IceCv)
  2 big kobold zombies (Ossuary)
  2 centaur simulacra (IceCv)
  A demigod skeleton (Crypt:2)
  5 ogre zombies (WizLab)
  A felid skeleton (Crypt:2)
  2 hound skeletons
  23 mummies
  13 adders
  An adder (shapeshifter) (Abyss:1)
  10 gnolls
  2 naga simulacra (IceCv)
  2 ogre simulacra (IceCv)
  10 shadow imps
  11 white imps
  12 ufetubi
  13 oozes
  An ooze (shapeshifter) (Abyss:3)
  A halfling zombie (Crypt:1)
  7 worms
  17 leopard geckos
  87 orcs
  12 ball pythons (Sewer)
  6 bats
  A bat zombie (Crypt:1)
  18 giant cockroaches
  2 gnoll zombies
  3 goblins
  6 hobgoblins
  12 jackals
  41 kobolds
  5 quokkas
  11 frilled lizards
  3 kobold zombies (Ossuary)
  9 rats
  A rat zombie (Crypt:2)
  3 crawling corpses (Vaults:4)
  6 fungi
  A lurking horror (Abyss:3)
  4 plants
  3 starspawn tentacles
  4 tentacles (Abyss:3)
  5 withered plants (Crypt:3)
3064 creatures vanquished.

Vanquished Creatures (others)
  A fire giant (Hell)
  A thrashing horror (Abyss:3)
  A deep elf knight (Elf:3)
  A golden dragon zombie (Depths:3)
  A deep elf mage (Elf:3)
  A guardian mummy (Zig:9)
  2 spatial vortices (Abyss:3)
  3 small abominations
  An ogre (Vaults:3)
  A white imp (Abyss:3)
  3 bushes (D:12)
  4 fungi
  2 lurking horrors
  5 plants
  8 starspawn tentacles
  10 tentacles (Abyss:3)
  A withered plant (Zot:1)
46 creatures vanquished.

Grand Total: 3110 creatures vanquished

Notes
Turn   | Place    | Note
-------+----------+-------------------------------------------
     0 | D:1      | tifemel the Minotaur Fighter began the quest for the Orb.
     0 | D:1      | Reached XP level 1. HP: 19/19 MP: 0/0
   129 | D:1      | Reached XP level 2. HP: 27/27 MP: 1/1
   738 | D:2      | Reached XP level 3. HP: 24/33 MP: 2/2
   845 | D:2      | Noticed Terence
   851 | D:2      | Killed Terence
   979 | D:2      | Reached XP level 4. HP: 41/41 MP: 3/3
  1373 | D:3      | Reached skill level 5 in Fighting
  1373 | D:3      | Reached skill level 5 in Armour
  1373 | D:3      | Reached XP level 5. HP: 42/48 MP: 4/4
  1634 | D:3      | Found a shattered altar of Ashenzari.
  1768 | D:3      | Found a sparkling altar of Nemelex Xobeh.
  1937 | D:3      | Found a faded altar of an unknown god.
  2114 | D:4      | Reached XP level 6. HP: 56/56 MP: 5/5
  2186 | D:4      | Found a stormy altar of Qazlal.
  2375 | D:4      | Found a bloodstained altar of Trog.
  2436 | D:4      | Found a staircase to the Ecumenical Temple.
  2441 | D:4      | Reached skill level 5 in Axes
  2488 | Temple   | Entered the Ecumenical Temple
  2870 | D:5      | Entered Level 5 of the Dungeon
  3000 | D:5      | Found a glowing drain.
  3038 | Sewer    | Entered a sewer
  3223 | Sewer    | Reached XP level 7. HP: 58/63 MP: 6/6
  3900 | D:5      | Found a snail-covered altar of Cheibriados.
  3956 | D:5      | Found a large runed door.
  3956 | D:5      | Found a large runed door.
  3962 | D:5      | Noticed bmj180's ghost (novice GrFi)
  4142 | D:5      | Killed bmj180's ghost
  4142 | D:5      | Reached XP level 8. HP: 58/73 MP: 7/7
  4851 | D:6      | Noticed a two-headed ogre
  4861 | D:6      | Killed a two-headed ogre
  4861 | D:6      | Reached XP level 9. HP: 18/83 MP: 8/8
  5221 | D:6      | Noticed Duvessa
  5222 | D:6      | Noticed Dowan
  5235 | D:6      | Killed Duvessa
  5239 | D:6      | Killed Dowan
  5840 | D:7      | Found Qaoleh's Armour Boutique.
  5841 | D:7      | Noticed Harold
  5866 | D:7      | Killed Harold
  5866 | D:7      | Reached skill level 10 in Fighting
  5866 | D:7      | Reached skill level 10 in Armour
  5870 | D:7      | Reached skill level 10 in Axes
  6245 | D:7      | Found a shadowy altar of Dithmenos.
  6260 | D:7      | Found a hide-covered altar of Uskayaw.
  6392 | D:7      | Reached XP level 10. HP: 68/94 MP: 4/9
  6854 | D:8      | Found an iron altar of Okawaru.
  6874 | D:8      | Became a worshipper of Warmaster Okawaru
  6929 | D:8      | Found Dodoply's Distillery.
  7020 | D:8      | Found a sand-covered staircase.
  7033 | Ossuary  | Entered an ossuary
  7417 | D:8      | Found a radiant altar of Vehumet.
  7418 | D:8      | Noticed a two-headed ogre
  7658 | D:8      | Found a white marble altar of Elyvilon.
  7684 | D:9      | Found a staircase to the Lair.
  7690 | D:9      | Found a shimmering altar of Xom.
  7692 | D:9      | Found Paqotsar's Antique Weapon Boutique.
  7694 | D:9      | Found a shimmering altar of Xom.
  7695 | D:9      | Found a shimmering altar of Xom.
  7695 | D:9      | Found a shimmering altar of Xom.
  7695 | D:9      | Found a shimmering altar of Xom.
  8152 | D:9      | Noticed a deep elf knight
  8166 | D:9      | Killed a deep elf knight
  8178 | D:9      | Reached * piety under Okawaru
  8181 | D:9      | Noticed a two-headed ogre
  8191 | D:9      | Killed a two-headed ogre
  8522 | D:9      | Noticed a spiny frog
  8536 | D:9      | a spiny frog changed into a queen bee
  8544 | D:9      | Noticed a fire crab
  8544 | D:9      | a queen bee changed into a fire crab
  8598 | D:9      | Found an opulent altar of Gozag.
  8599 | D:9      | Found a glowing silver altar of Zin.
  8752 | D:9      | Reached XP level 11. HP: 101/104 MP: 8/10
  8764 | D:9      | Reached ** piety under Okawaru
  9319 | D:9      | Found a deep blue altar of Sif Muna.
  9319 | D:9      | Found a bloodstained altar of Trog.
  9434 | D:10     | Entered Level 10 of the Dungeon
  9971 | D:10     | Reached *** piety under Okawaru
 10351 | D:10     | Found a staircase to the Orcish Mines.
 10974 | D:10     | Reached **** piety under Okawaru
 10995 | D:10     | Noticed a white ugly thing
 11013 | D:10     | Killed a white ugly thing
 11496 | Lair:1   | Entered Level 1 of the Lair of Beasts
 11716 | Lair:1   | HP: 3/107 [spiny frog (7)]
 11872 | Lair:1   | Received a gift from Okawaru
 12010 | Lair:1   | Reached XP level 12. HP: 110/115 MP: 11/11
 12077 | Lair:1   | Noticed an eight-headed hydra
 12085 | Lair:1   | Killed an 11-headed hydra
 12763 | Lair:2   | Reached ***** piety under Okawaru
 12824 | Lair:2   | Noticed a catoblepas
 12836 | Lair:2   | Killed a catoblepas
 12849 | Lair:2   | Noticed a seven-headed hydra
 12874 | Lair:2   | Killed a 13-headed hydra
 13177 | Lair:2   | Identified Sif Muna's Almanac of Doomed Creation
 13787 | Lair:3   | Noticed a four-headed hydra
 13800 | Lair:3   | Killed a 12-headed hydra
 13800 | Lair:3   | Received a gift from Okawaru
 13806 | Lair:3   | Got a brightly glowing battleaxe {god gift}
 13940 | Lair:3   | Identified the +2 battleaxe of Fate {elec, Stlth+} (Okawaru
                  | gifted it to you on level 3 of the Lair of Beasts)
 13995 | Lair:3   | Noticed Sonja
 14006 | Lair:3   | Killed Sonja
 14371 | Lair:3   | Reached skill level 15 in Fighting
 14611 | Lair:3   | Reached skill level 15 in Armour
 14611 | Lair:3   | Reached XP level 13. HP: 126/126 MP: 12/12
 15009 | Lair:4   | Got a translucent platinum ring
 15014 | Lair:4   | Identified the ring "Viruz" {-Tele rC+ Dex+4} (You found it
                  | on level 4 of the Lair of Beasts)
 15023 | Lair:4   | Found a hole to the Spider Nest.
 15190 | Lair:4   | Found a staircase to the Shoals.
 15215 | Lair:4   | Received a gift from Okawaru
 15227 | Lair:4   | Got a pitted chain mail {god gift}
 15238 | Lair:4   | Identified the +4 chain mail of Amelioration {+Inv rPois
                  | rC+} (Okawaru gifted it to you on level 4 of the Lair of
                  | Beasts)
 15316 | Lair:4   | Reached skill level 15 in Axes
 16201 | Lair:5   | Reached ****** piety under Okawaru
 16265 | Lair:5   | Found a staircase to the Slime Pits.
 16326 | Lair:5   | Found a runed gate.
 16326 | Lair:5   | Found a runed gate.
 16326 | Lair:5   | Found a runed gate.
 16354 | Lair:5   | Noticed Asgaroth's ghost (journeyman HOFi)
 16413 | Lair:5   | Killed Asgaroth's ghost
 16551 | Lair:5   | Got the ring of Dufis {Fire}
 16571 | Lair:5   | Identified the ring of Dufis {Fire Str-4 Dex+5 Stlth+} (You
                  | found it on level 5 of the Lair of Beasts)
 16760 | Lair:5   | Received a gift from Okawaru
 17501 | Lair:6   | Entered Level 6 of the Lair of Beasts
 17513 | Lair:6   | Reached XP level 14. HP: 93/138 MP: 13/13
 17736 | Lair:6   | Reached skill level 1 in Bows
 19112 | Lair:6   | Identified Emiamor's Volume of Enthralling Protection
 19635 | Spider:1 | Entered Level 1 of the Spider Nest
 19710 | Spider:1 | Received a gift from Okawaru
 20658 | D:12     | Reached skill level 5 in Bows
 20765 | D:12     | Found a snail-covered altar of Cheibriados.
 21344 | D:12     | Noticed Psyche
 21357 | D:12     | Killed Psyche
 22315 | D:13     | Received a gift from Okawaru
 22317 | D:13     | Reached XP level 15. HP: 138/147 MP: 14/14
 23146 | D:14     | Received a gift from Okawaru
 23277 | D:14     | Found a labyrinth entrance.
 23286 | Lab      | Entered a labyrinth
 23428 | Lab      | Got a slimy brass amulet
 23636 | Lab      | Received a gift from Okawaru
 23673 | Lab      | Identified the amulet "Afriophe" {Acrobat +Fly rPois} (You
                  | found it in a labyrinth)
 23688 | Lab      | Got ichor-stained fire dragon scales
 23699 | Lab      | Identified the +5 fire dragon scales of the Will of the
                  | Gods {rPois rF++ rC- Str+4} (You found it in a labyrinth)
 24287 | D:14     | Found a gate to the Vaults.
 24323 | D:14     | Found Cuen's Book Shoppe.
 24362 | D:14     | You fall through a shaft!
 24362 | D:15     | Entered Level 15 of the Dungeon
 24362 | D:15     | Found Qaubataj's Food Boutique.
 24681 | D:15     | Found a staircase to the Depths.
 24740 | D:15     | Received a gift from Okawaru
 24745 | D:15     | Got an opal-encrusted plate armour {god gift}
 24803 | D:15     | Identified the +10 plate armour "Udec" {rF+} (Okawaru
                  | gifted it to you on level 15 of the Dungeon)
 25664 | Orc:1    | Entered Level 1 of the Orcish Mines
 25664 | Orc:1    | Found a roughly hewn altar of Beogh.
 25687 | Orc:1    | Paralysed by an orc sorcerer for 6 turns
 26343 | Orc:1    | Found a bloodstained altar of Trog.
 26424 | Orc:1    | Found Lamoxki's Weapon Boutique.
 26702 | Orc:2    | Entered Level 2 of the Orcish Mines
 26702 | Orc:2    | Noticed Snorg
 26711 | Orc:1    | Killed Snorg
 26805 | Orc:2    | Found a staircase to the Elven Halls.
 27648 | Orc:2    | Found Jyrhur's Gadget Shoppe.
 27648 | Orc:2    | Found Ixaegumo's Antique Armour Shoppe.
 27655 | Orc:2    | Found Lolaub's Armour Emporium.
 27655 | Orc:2    | Found Xiybuojy's Antique Weapon Emporium.
 27697 | Orc:2    | Bought the +1 pair of boots "Cegid" {Dex+6} for 407 gold
                  | pieces
 27699 | Orc:2    | Bought a runed scarf for 248 gold pieces
 27700 | Orc:2    | Bought a crystal war axe for 331 gold pieces
 27700 | Orc:2    | Identified the +4 war axe of the Hidden Vale {drain, rPois
                  | Dex+4} (You bought it in a shop on level 2 of the Orcish
                  | Mines)
 27920 | Orc:2    | Noticed Maurice
 27927 | Orc:2    | Killed Maurice
 28672 | Spider:1 | Received a gift from Okawaru
 28935 | Spider:1 | Noticed Roxanne
 29941 | Spider:1 | Killed Roxanne
 29941 | Spider:1 | Reached XP level 16. HP: 159/159 MP: 15/15
 29942 | Spider:1 | Identified Roxanne's Handbook of Moulding (You took it off
                  | Roxanne on level 1 of the Spider Nest)
 30232 | Spider:2 | Received a gift from Okawaru
 30336 | Spider:2 | Noticed Kirke
 31613 | Spider:2 | Received a gift from Okawaru
 32140 | Spider:2 | Received a gift from Okawaru
 32702 | Spider:2 | Received a gift from Okawaru
 33492 | Spider:3 | Received a gift from Okawaru
 33492 | Spider:3 | Reached skill level 10 in Bows
 34323 | Spider:4 | Entered Level 4 of the Spider Nest
 34393 | Spider:4 | Received a gift from Okawaru
 35456 | Spider:4 | Received a gift from Okawaru
 36051 | Spider:4 | Reached XP level 17. HP: 96/168 MP: 3/16
 36417 | Spider:4 | Received a gift from Okawaru
 37000 | Spider:4 | Received a gift from Okawaru
 37533 | Spider:4 | Got a gossamer rune of Zot
 37879 | Shoals:1 | Entered Level 1 of the Shoals
 37927 | Shoals:1 | Found a frozen archway.
 37931 | IceCv    | Entered an ice cave
 39376 | IceCv    | Noticed an Ice Fiend
 40805 | Shoals:1 | Received a gift from Okawaru
 41563 | Shoals:2 | Received a gift from Okawaru
 41564 | Shoals:2 | Got a slimy executioner's axe {god gift}
 41565 | Shoals:2 | Identified the +6 executioner's axe of Vigisuov {chop,
                  | +Inv} (Okawaru gifted it to you on level 2 of the Shoals)
 41987 | Shoals:2 | Noticed Ilsuiw
 42003 | Shoals:2 | Killed Ilsuiw
 42911 | Shoals:3 | Reached XP level 18. HP: 141/178 MP: 17/17
 43200 | Shoals:3 | Received a gift from Okawaru
 43826 | Shoals:3 | Found Uganacek's Antique Weapon Emporium.
 43853 | Shoals:3 | Bought an ivory shortbow for 296 gold pieces
 43853 | Shoals:3 | Identified the +4 shortbow "Toanion" {venom, *Slow +Blink
                  | rElec} (You bought it in a shop on level 3 of the Shoals)
 43947 | Shoals:4 | Entered Level 4 of the Shoals
 43986 | Shoals:4 | Received a gift from Okawaru
 43987 | Shoals:4 | Got an ominously black robe {god gift}
 43998 | Shoals:4 | Identified the +0 robe of Caiphyeq {rC+ Int+3} (Okawaru
                  | gifted it to you on level 4 of the Shoals)
 44609 | Shoals:4 | Found Liatut's Assorted Antiques.
 46805 | Shoals:4 | Got a faintly glowing ruby amulet
 46843 | Shoals:4 | Got a barnacled rune of Zot
 46872 | Shoals:4 | Found the ring of the Mage {Wiz MR++ Int+3}
 47217 | Lair:1   | Identified the amulet of Equivalence {+Rage rF- rC++ rN+}
                  | (You found it on level 4 of the Shoals)
 47326 | Elf:1    | Entered Level 1 of the Elven Halls
 48006 | Elf:1    | Identified the Papyrus of Battle Magic
 48234 | Elf:1    | Identified the Almanac of Combed Thunderclap
 48247 | Elf:1    | Identified Ts'ui Pên's Almanac of Forking Paths
 48398 | Elf:1    | Identified the Compendium of Dhcmrlchtdj
 48519 | Elf:1    | Found Zyuheku's General Store.
 48545 | Elf:1    | Received a gift from Okawaru
 49344 | Elf:2    | Received a gift from Okawaru
 49769 | Elf:2    | Found a runed gate.
 49769 | Elf:2    | Found a runed gate.
 49772 | Elf:2    | Found a runed gate.
 49962 | Elf:2    | Reached XP level 19. HP: 162/189 MP: 18/18
 51490 | Elf:3    | Entered Level 3 of the Elven Halls
 51832 | Elf:3    | Received a gift from Okawaru
 52249 | Elf:3    | Found a deep blue altar of Sif Muna.
 52706 | Vaults:1 | Entered Level 1 of the Vaults
 54198 | Vaults:1 | Received a gift from Okawaru
 54199 | Vaults:1 | Got a warped battleaxe {god gift}
 54200 | Vaults:1 | Identified the +10 battleaxe of Optef {drain, +Rage}
                  | (Okawaru gifted it to you on level 1 of the Vaults)
 54380 | Vaults:1 | Paralysed by a hornet for 2 turns
 54387 | Vaults:1 | Reached skill level 15 in Bows
 55717 | Vaults:2 | Received a gift from Okawaru
 55965 | Vaults:2 | Reached XP level 20. HP: 199/200 MP: 19/19
 56256 | Vaults:2 | Noticed Xtahua
 56263 | Vaults:2 | Killed Xtahua
 56623 | Vaults:2 | Noticed a bone dragon
 56625 | Vaults:2 | Found a staircase to the Crypt.
 56637 | Vaults:2 | Killed a bone dragon
 57455 | Vaults:3 | Received a gift from Okawaru
 57938 | Vaults:3 | Received a gift from Okawaru
 59152 | Vaults:3 | Noticed Boris
 59161 | Vaults:3 | Killed Boris
 59645 | Vaults:3 | Received a gift from Okawaru
 59832 | Vaults:3 | Received a gift from Okawaru
 60708 | Vaults:4 | Got a warped iron amulet
 60710 | Vaults:4 | Identified the amulet of the Cockatrice {Gourm *Drain MR+
                  | Int+3 Dex+3} (You found it on level 4 of the Vaults)
 60812 | Vaults:4 | Reached XP level 21. HP: 189/209 MP: 20/20
 62083 | Vaults:4 | Received a gift from Okawaru
 62640 | Vaults:4 | Received a gift from Okawaru
 64370 | Depths:1 | Entered Level 1 of the Depths
 64760 | Depths:1 | Found Loblet's Food Shoppe.
 65122 | Depths:1 | Found a gateway to Hell.
 65458 | Depths:1 | Found a one-way gate leading to the halls of Pandemonium.
 65515 | Depths:1 | Found a one-way gate to the infinite horrors of the Abyss.
 65517 | Depths:1 | Noticed Louise
 65530 | Depths:1 | Killed Louise
 65789 | Depths:1 | Received a gift from Okawaru
 67244 | Depths:2 | Reached XP level 22. HP: 182/220 MP: 21/21
 67664 | Depths:2 | Received a gift from Okawaru
 67732 | Depths:2 | Received a gift from Okawaru
 67812 | Depths:2 | Found a magical portal.
 67815 | WizLab   | Entered Zonguldrok's Shrine
 68457 | WizLab   | Noticed an antique lich
 68466 | WizLab   | Killed an antique lich
 68678 | WizLab   | Found the +9 sword of Zonguldrok {reap}
 71076 | Depths:3 | Noticed a golden dragon
 71084 | Depths:3 | Killed a golden dragon
 71103 | Depths:3 | Received a gift from Okawaru
 71497 | Depths:3 | Received a gift from Okawaru
 71572 | Depths:3 | Received a gift from Okawaru
 71705 | Depths:3 | Received a gift from Okawaru
 72726 | Depths:3 | Reached XP level 23. HP: 220/231 MP: 22/22
 72935 | Depths:3 | Identified the cursed +0 helmet "Iskecs" {+Inv Str+4 Int+2}
                  | (You found it on level 3 of the Depths)
 73525 | Depths:3 | Received a gift from Okawaru
 73548 | Depths:3 | Noticed a caustic shrike
 73562 | Depths:3 | Killed a caustic shrike
 73978 | Depths:3 | Found Dyupron's Desiderata Depot.
 75594 | Depths:4 | Found a glowing golden altar of the Shining One.
 75688 | Depths:4 | Received a gift from Okawaru
 75855 | Depths:4 | Identified a +2 pair of boots of running (Okawaru gifted it
                  | to you on level 4 of the Depths)
 76448 | Depths:4 | Found Bolamani's Book Emporium.
 78108 | Depths:4 | Got a pair of distressingly furry boots
 78109 | Depths:4 | Identified the +1 pair of boots of Ediururr {Int+4} (You
                  | found it on level 4 of the Depths)
 78192 | Depths:4 | Noticed a juggernaut
 78208 | Depths:4 | Killed a juggernaut
 78492 | Depths:5 | Entered Level 5 of the Depths
 79275 | Depths:5 | Reached XP level 24. HP: 235/242 MP: 22/22
 79799 | Depths:5 | Noticed Frederick
 79814 | Depths:5 | Killed Frederick
 79814 | Depths:5 | Received a gift from Okawaru
 80544 | Depths:5 | Found a gateway to a ziggurat.
 81067 | Depths:5 | Found a gate to the Realm of Zot.
 82948 | Elf:3    | Got a bound gossamer ring
 82954 | Elf:3    | Got a translucent silver amulet
 82987 | Elf:3    | Received a gift from Okawaru
 82988 | Elf:3    | Got a brightly glowing executioner's axe {god gift}
 83025 | Elf:3    | Identified the Almanac of the Rocks
 83054 | Elf:3    | Identified the amulet of Ascent {Harm *Drain rF+ rN+} (You
                  | took it off a deep elf mage on level 3 of the Elven Halls)
 83055 | Elf:3    | Identified the ring "Lorch" {-Tele rF+ rC+ Dex+6} (You took
                  | it off a deep elf elementalist on level 3 of the Elven
                  | Halls)
 83056 | Elf:3    | Identified the +1 executioner's axe of Bahuchim {freeze,
                  | Str+5 Stlth-} (Okawaru gifted it to you on level 3 of the
                  | Elven Halls)
 83063 | Elf:3    | Got an ancient scale mail
 83074 | Elf:3    | Identified the cursed +1 scale mail "Beolur" {MR+} (You
                  | found it on level 3 of the Elven Halls)
 83313 | Elf:3    | Identified Sif Muna's Tome of Creative Clay
 83893 | Vaults:5 | Entered Level 5 of the Vaults
 83911 | Vaults:4 | Reached skill level 1 in Dodging
 84485 | Vaults:5 | Received a gift from Okawaru
 85399 | Vaults:5 | Reached XP level 25. HP: 190/253 MP: 22/22
 85403 | Vaults:4 | Reached skill level 5 in Dodging
 85409 | Vaults:4 | Received a gift from Okawaru
 86018 | Vaults:5 | Received a gift from Okawaru
 86335 | Vaults:5 | Received a gift from Okawaru
 86987 | Vaults:5 | Received a gift from Okawaru
 87123 | Vaults:5 | Received a gift from Okawaru
 87124 | Vaults:5 | Got a smoking battleaxe {god gift}
 87368 | Vaults:5 | Got a bound silver ring
 87476 | Vaults:5 | Identified the +9 battleaxe of Wariness {antimagic, +Blink
                  | rC+++ Dex-5} (Okawaru gifted it to you on level 5 of the
                  | Vaults)
 87485 | Vaults:5 | Identified the ring of Lipraots {+Inv rF++ rC+++ AC+1
                  | Dex-2} (You took it off a frost giant on level 5 of the
                  | Vaults)
 87590 | Vaults:5 | Got a vibrating amber ring
 87603 | Vaults:5 | Identified the Tome of Gliding Enchantment
 87605 | Vaults:5 | Identified the ring "Xiskulytt" {rElec rPois rC+ Stlth-}
                  | (You found it on level 5 of the Vaults)
 88094 | Vaults:5 | Identified Sif Muna's Grimoire of Lucky Lightness
 88097 | Vaults:5 | Got a silver rune of Zot
 88099 | Vaults:5 | Identified the amulet "Jituapa" {Inacc Dex+4} (You found it
                  | on level 5 of the Vaults)
 88109 | Vaults:5 | Identified the Almanac of Entrancing Feathers
 88862 | Zot:1    | Entered Level 1 of the Realm of Zot
 90304 | Zot:1    | Found the cursed necklace of Bloodlust {*Rage +Rage MR++
                  | Int-3 Slay+6 *Curse}
 90404 | Zot:1    | Received a gift from Okawaru
 90873 | Zot:1    | Received a gift from Okawaru
 90890 | Zot:1    | Reached XP level 26. HP: 146/264 MP: 22/22
 91249 | Zot:1    | Found a runed gate.
 91249 | Zot:1    | Found a runed gate.
 91250 | Zot:1    | Found a runed gate.
 91251 | Zot:1    | Noticed Zudag's ghost (legendary DsAK)
 91252 | Zot:1    | Noticed Uvueruz's ghost (legendary DsAK)
 91747 | Zot:1    | Killed Uvueruz's ghost
 91910 | Zot:1    | Killed Zudag's ghost
 91910 | Zot:1    | Received a gift from Okawaru
 91910 | Zot:1    | Reached skill level 10 in Dodging
 92124 | Zot:1    | Identified the +0 cloak of Bitterness {rF+ rC+} (You found
                  | it on level 1 of the Realm of Zot)
 92730 | Zot:2    | Reached skill level 27 in Fighting
 92922 | Zot:2    | Reached skill level 27 in Armour
 93130 | Zot:2    | Noticed Bodigarde's ghost (master DrBe)
 93133 | Zot:2    | Found a transporter.
 93138 | Zot:2    | Found a transporter.
 93476 | Zot:3    | Reached skill level 27 in Axes
 93829 | Zot:3    | Reached skill level 1 in Evocations
 96397 | Depths:3 | Bought a manual of Dodging for 2208 gold pieces
 97412 | Depths:4 | Voluntarily entered the Abyss.
 97470 | Abyss:1  | Found a deep blue altar of Sif Muna.
 97547 | Abyss:1  | Got a clouded bone amulet
 97548 | Abyss:1  | Identified the amulet "Ycwifi" {RegenMP Int+7 Stlth+} (You
                  | found it on level 1 of the Abyss)
 97586 | Abyss:1  | Found a deep blue altar of Sif Muna.
 97962 | Abyss:1  | Gained mutation: Your magical capacity is low. (-10% MP) [a
                  | neqoxec]
 97969 | Abyss:1  | Received a gift from Okawaru
 98063 | Abyss:3  | Reached XP level 27. HP: 273/273 MP: 23/23
 98091 | Abyss:3  | Found a shimmering altar of Xom.
 98228 | Abyss:3  | Reached skill level 15 in Dodging
 98240 | Abyss:3  | Paralysed by a hornet for 3 turns
 98247 | Depths:4 | Escaped the Abyss
 99376 | Depths:4 | Voluntarily entered the Abyss.
 99444 | Abyss:1  | Gained mutation: You are occasionally teleported next to
                  | monsters. [a neqoxec]
 99649 | Abyss:1  | Lost mutation: Your magical capacity is low. (-10% MP)
                  | [potion of mutation]
 99649 | Abyss:1  | Lost mutation: You are occasionally teleported next to
                  | monsters. [potion of mutation]
 99649 | Abyss:1  | Gained mutation: You are clumsy. (Dex -2) [potion of
                  | mutation]
 99649 | Abyss:1  | Gained mutation: You have a somewhat thin skeletal
                  | structure. (Dex +2, Stealth) [potion of mutation]
100124 | Abyss:1  | Gained mutation: You are weak. (Str -2) [a neqoxec]
100338 | Abyss:3  | Received a gift from Okawaru
100341 | Abyss:3  | Got a faintly humming plate armour {god gift}
100344 | Abyss:3  | Identified the +0 plate armour of the Komodo Dragon {rF+}
                  | (Okawaru gifted it to you on level 3 of the Abyss)
100612 | Abyss:3  | Got an abyssal rune of Zot
100613 | Abyss:3  | Paralysed by accursed screaming for 1 turns
101045 | Depths:4 | Escaped the Abyss
101366 | Depths:4 | Fell from the grace of Okawaru
101366 | Depths:4 | Became a worshipper of the Shining One
101624 | Crypt:1  | Entered Level 1 of the Crypt
101867 | Crypt:1  | Reached * piety under the Shining One
102246 | Crypt:1  | Got a clouded brass ring
102247 | Crypt:1  | Identified the ring of Mekirch {*Contam rPois rC++ Int+6}
                  | (You found it on level 1 of the Crypt)
102271 | Crypt:1  | Reached ** piety under the Shining One
102739 | Crypt:2  | Reached *** piety under the Shining One
102942 | Crypt:2  | Reached **** piety under the Shining One
103141 | Crypt:2  | Reached skill level 10 in Evocations
103322 | Crypt:3  | Entered Level 3 of the Crypt
103494 | Crypt:3  | Reached ***** piety under the Shining One
103952 | Crypt:3  | Got a bound brass amulet
103953 | Crypt:3  | Identified the amulet "Ziteelil" {Gourm rN+ Int+2} (You
                  | found it on level 3 of the Crypt)
104171 | Crypt:3  | Found a staircase to the Tomb.
104209 | Crypt:3  | Noticed an ancient lich
104212 | Crypt:3  | Killed an ancient lich
104212 | Crypt:3  | Reached skill level 1 in Spellcasting
104337 | Crypt:3  | Reached ****** piety under the Shining One
104475 | Crypt:3  | Identified a scroll of acquirement
104486 | Crypt:3  | Got a scorched plate armour
104487 | Crypt:3  | Identified the +0 plate armour of Ygeahut {rC+ MP+9} (You
                  | acquired it on level 3 of the Crypt)
104689 | Crypt:3  | Found an ancient bone altar of Kikubaaqudgha.
104716 | Crypt:3  | Identified Sif Muna's Tome of Boosts
104728 | Crypt:3  | Noticed an ancient lich
104737 | Crypt:3  | Killed an ancient lich
105236 | Tomb:1   | Entered Level 1 of the Tomb of the Ancients
105552 | Tomb:1   | Reached skill level 5 in Spellcasting
105587 | Tomb:1   | Identified a +6 longbow of holy wrath (a +4 longbow of
                  | velocity blessed by the Shining One)
105587 | Tomb:1   | Received a gift from the Shining One
107238 | Tomb:1   | Noticed a greater mummy
107245 | Tomb:1   | Killed a greater mummy
107955 | Hell     | Entered the Vestibule of Hell
107955 | Hell     | Noticed Geryon
107979 | Hell     | Killed Geryon
108400 | Hell     | Found a gateway to the decaying netherworld of Tartarus.
108656 | Hell     | Found a gateway to the freezing wastes of Cocytus.
108785 | Hell     | Found a gateway to the Iron City of Dis.
108833 | Hell     | Found a gateway to the ashen valley of Gehenna.
108952 | Coc:1    | Entered Level 1 of Cocytus
110564 | Zig:1    | Entered Level 1 of a ziggurat
110580 | Zig:2    | Entered Level 2 of a ziggurat
110601 | Zig:3    | Entered Level 3 of a ziggurat
110628 | Zig:4    | Entered Level 4 of a ziggurat
110631 | Zig:4    | Noticed Ycziggim the pandemonium lord
110647 | Zig:4    | Killed Ycziggim the pandemonium lord
110680 | Zig:5    | Entered Level 5 of a ziggurat
110732 | Zig:5    | Identified the ring "Yruasien" {Fire rN+ Str+2 Int+4} (You
                  | found it on level 5 of a ziggurat)
110735 | Zig:5    | Found the +2 shield of Resistance {rF+ rC+ MR+}
110740 | Zig:5    | Identified the +2 pair of gloves of Xiebrov {rC+ Str-5
                  | Slay+3} (You acquired it on level 5 of a ziggurat)
110742 | Zig:5    | Found the +2 pair of boots of the Assassin {Detection Stab+
                  | Stlth++}
110759 | Zig:6    | Entered Level 6 of a ziggurat
110851 | Zig:7    | Entered Level 7 of a ziggurat
110949 | Zig:8    | Entered Level 8 of a ziggurat
111087 | Zig:8    | Identified the Disquisition on Flying Curses
111102 | Zig:8    | Learned a level 3 spell: Portal Projectile
111118 | Zig:9    | Entered Level 9 of a ziggurat
111129 | Zig:9    | Noticed a greater mummy
111135 | Zig:9    | Killed a greater mummy
111146 | Zig:9    | Noticed a greater mummy
111150 | Zig:9    | Noticed a greater mummy
111161 | Zig:9    | Killed a greater mummy
111164 | Zig:9    | HP: 1/266 [smoke demon/divine providence[a mummy priest]
                  | (14)]
111165 | Zig:9    | Killed from afar by a smoke demon

Skill      XL: |  1  2  3  4  5  6  7  8  9 10 11 12 13 14 15 16 17 18 19 20 21 22 23 24 25 26 27 |
---------------+----------------------------------------------------------------------------------+-----
Fighting       | 4 5 6 7 9 10 12 13 15 16 17 18 19 20 21 22 23 24 25 26 27 | 27.0
Armour         | 4 5 6 7 9 10 12 13 15 16 17 18 19 20 21 22 23 24 25 26 27 | 27.0
Axes           | 3 4 5 6 8 10 11 13 14 16 17 18 19 20 21 22 23 24 25 26 27 | 27.0
Bows           | 6 9 11 12 14 15 16 17 18 19 20 | 20.3
Dodging        | 4 9 14 20 | 20.4
Evocations     | 6 13 | 13.7
Spellcasting   | 9 |  9.6
Shields        | |  3.6

Action                   |  1- 3 |  4- 6 |  7- 9 | 10-12 | 13-15 | 16-18 | 19-21 | 22-24 | 25-27 || total
-------------------------+-------+-------+-------+-------+-------+-------+-------+-------+-------++-------
Melee: War axe           |    57 |   177 |   249 |   274 |       |       |       |       |       ||   757
       Headbutt          |     8 |    25 |    50 |   168 |   194 |   200 |   235 |   248 |   364 ||  1492
       Broad axe         |       |       |       |   426 |       |       |       |       |       ||   426
       Punch             |       |       |       |     4 |       |       |       |       |       ||     4
       Battleaxe         |       |       |       |    71 |   877 |   648 |    10 |       |       ||  1606
       Unarmed           |       |       |       |       |       |     6 |       |       |       ||     6
       Executioner's axe |       |       |       |       |       |       |   687 |   767 |  1490 ||  2944
 Fire: Shortbow          |       |       |       |       |   799 |   462 |       |       |       ||  1261
       Longbow           |       |       |       |       |       |   863 |  1025 |   837 |   731 ||  3456
Invok: Heroism           |       |       |       |     6 |     2 |     1 |     2 |     2 |     1 ||    14
       Finesse           |       |       |       |     1 |       |       |       |       |       ||     1
       Brand Weapon With |       |       |       |       |       |       |       |       |     1 ||     1
 Abil: Evoke Berserk Rag |       |       |       |       |       |       |     1 |       |       ||     1
Evoke: Wand              |       |       |       |       |       |       |       |       |     1 ||     1
  Use: Scroll            |       |       |    10 |    11 |     7 |     8 |     9 |    16 |    28 ||    89
       Potion            |       |       |     1 |    10 |     2 |    12 |     1 |     1 |     7 ||    34
 Stab: Invisible         |       |       |       |     2 |       |       |       |       |       ||     2
       Distracted        |       |       |       |       |     1 |       |       |       |       ||     1
       Held in net/web   |       |       |       |       |       |     1 |       |       |       ||     1
  Eat: Chunk             |       |     8 |     6 |    17 |    23 |    26 |    25 |    21 |     7 ||   133
       Ration            |       |       |     1 |     3 |     9 |    11 |     8 |    10 |    21 ||    63
Armor: Scale mail        |    39 |    96 |    96 |       |       |       |       |       |       ||   231
       Chain mail        |       |       |    47 |       |   511 |       |       |       |       ||   558
       Plate armour      |       |       |       |   510 |   302 |  1362 |   832 |   795 |  1114 ||  4915
       Fire dragon scale |       |       |       |       |    27 |       |       |       |       ||    27
Dodge: Dodged            |    43 |   115 |   127 |   299 |   440 |   577 |   370 |   380 |  1051 ||  3402
